Map: Catalyst LE

Players

Igloo - Winner!

  • Race: Zerg Zerg
  • Spawn Location: 11:00

CinDra

  • Race: Protoss Protoss
  • League: Bronze
  • Spawn Location: 5:00

VOD

Have the link to the VOD?

Description

Time

  • Played on: Feb. 4, 2018, 12:45 a.m.
  • Length: 16:25
Show
View Real Time Build Order
Export as new Build Order

Igloo Zerg - Winner!

Build Orders: Hatch First 

Get SALT Encoding   

  12  0:00  Drone  
  13  0:12  Overlord  
  13  0:17  Drone  
  14  0:23  Extractor  
  14  0:24  Drone  
  15  0:31  Drone  
  15  0:35  Drone  
  17  0:45  Drone  
  18  1:01  Hatchery  
  17  1:09  Extractor  
  16  1:13  Spawning Pool  
  16  1:16  Drone  
  16  1:20  Drone  
  16  1:23  Drone  
  18  1:40  Drone  
  18  1:41  Overlord  
  19  1:59  Drone  
  19  2:00  Queen  
  22  2:03  Zergling x2  
  23  2:12  Queen  
  23  2:14  Zergling x4  
  27  2:29  Drone x2  
  29  2:35  Drone x2  
  31  2:38  Queen  
  31  2:43  Drone  
  34  2:51  Drone  
  34  2:56  Overlord  
  35  3:00  Queen  
  35  3:01  Extractor  
  35  3:04  Overlord  
  37  3:07  Overlord  
  37  3:17  Drone x4  
  41  3:24  Drone  
  41  3:25  Drone x2  
  44  3:27  Drone  
  45  3:36  Drone x3  
  48  3:42  Spine Crawler  
  47  3:49  Drone x4  
  47  3:55  Drone x2  
  53  3:59  Roach Warren  
  52  4:06  Extractor  
  51  4:15  Drone x4  
  55  4:26  Lair  
  55  4:29  Extractor, Drone x4  
  55  4:30  Drone  
  59  4:32  Overlord  
  59  4:35  Overlord  
  59  4:36  Hatchery  
  58  4:41  Extractor  
  57  4:55  Overlord x2  
  57  5:06  Hatchery  
  56  5:08  Zergling x14  
  63  5:33  Extractor  
  62  5:37  Extractor  
  61  5:44  Burrow  
  61  5:46  Overseer x2  
  61  5:48  Pneumatized Carapace  
  63  5:50  Roach x11  
  63  5:53  Overseer  
  83  6:00  Drone x4  
  83  6:01  Drone  
  88  6:20  Drone x3  
  88  6:21  Drone x2  
  88  6:22  Spine Crawler  
  92  6:28  Queen  
  92  6:31  Roach x5  
  104  6:45  Evolution Chamber  
  104  6:46  Overlord x3  
  104  6:47  Overlord x3  
  103  6:48  Queen, Evolution Chamber  
  104  7:12  Baneling Nest  
  104  7:13  Roach  
  104  7:14  Roach x11  
  104  7:15  Roach  
  129  7:25  Drone x4  
  129  7:26  Overlord, Drone x2  
  135  7:44  Roach x7  
  137  7:47  Overlord x2  
  149  8:01  Tunneling Claws  
  149  8:11  Zerg Missile Weapons Level 1  
  149  8:12  Zerg Ground Armor Level 1  
  149  8:18  Spine Crawler  
  149  8:19  Spine Crawler  
  147  8:21  Spine Crawler  
  147  8:22  Spine Crawler  
  147  8:25  Spine Crawler  
  147  8:26  Roach  
  160  8:27  Roach x9  
  164  8:38  Roach x6  
  176  8:52  Overseer  
  176  8:53  Overseer  
  176  9:01  Metabolic Boost  
  176  9:25  Overlord x2  
  176  9:26  Overlord x4  
  176  9:59  Overseer  
  176  10:10  Roach x48  
  176  10:21  Roach x3  
  174  10:35  Roach x5  
  182  10:36  Roach x9  
  200  10:59  Zerg Missile Weapons Level 2  
  200  11:01  Zerg Ground Armor Level 2  
  200  11:07  Extractor  
  199  11:12  Extractor  
  194  11:30  Roach x6  
  194  11:31  Roach x44  
  194  12:07  Infestation Pit  
  193  12:31  Roach x20  
  191  12:59  Roach  
  191  13:00  Roach x3  
  185  13:15  Roach  
  185  13:16  Roach x11  
  179  13:28  Roach  
  179  13:29  Roach x3  
  187  13:42  Ravager x2  
  187  13:43  Ravager x2  
  191  13:52  Ravager x3  
  191  13:53  Ravager x6  
  200  13:57  Hive  
  200  14:29  Ravager x6  
  191  14:40  Ravager x3  
  165  16:02  Roach x9  
  165  16:03  Roach x13  
Show
View Real Time Build Order
Export as new Build Order

CinDra Protoss 

Build Orders: Colossus Rush 

Get SALT Encoding   

  12  0:01  Probe  
  13  0:13  Probe  
  14  0:25  Probe  
  15  0:32  Pylon  
  16  0:50  Probe (Chrono Boost)  
  16  0:52  Gateway  
  16  0:59  Assimilator  
  16  1:02  Probe (Chrono Boost)  
  17  1:11  Probe (Chrono Boost)  
  18  1:12  Pylon  
  18  1:16  Probe (Chrono Boost)  
  19  1:28  Probe (Chrono Boost)  
  20  1:36  Probe (Chrono Boost)  
  21  1:45  Cybernetics Core  
  21  1:54  Nexus  
  21  1:58  Zealot  
  23  2:06  Probe (Chrono Boost)  
  25  2:16  Probe (Chrono Boost)  
  25  2:21  Probe (Chrono Boost)  
  25  2:22  Gateway  
  25  2:23  Warp Gate  
  26  2:32  Probe  
  27  2:39  Robotics Facility  
  27  2:44  Probe  
  28  2:56  Probe  
  29  3:01  Assimilator  
  29  3:08  Probe (Chrono Boost), Pylon  
  29  3:09  Probe (Chrono Boost), Pylon  
  31  3:15  Zealot  
  31  3:18  Probe (Chrono Boost)  
  34  3:21  Adept  
  37  3:27  Observer  
  37  3:37  Probe x2  
  39  3:48  Adept  
  39  3:49  Probe x2  
  43  4:01  Probe x2  
  45  4:04  Immortal  
  49  4:14  Probe x2  
  51  4:21  Robotics Bay  
  51  4:26  Probe x2  
  51  4:30  Assimilator  
  53  4:33  Assimilator  
  53  4:35  Pylon  
  53  4:36  Stalker  
  53  4:37  Stalker  
  57  4:38  Probe x2  
  59  4:51  Warp Prism  
  61  5:02  Stalker x2  
  65  5:09  Pylon  
  65  5:12  Pylon  
  65  5:18  Probe x2 (Chrono Boost)  
  67  5:23  Extended Thermal Lance  
  68  5:28  Probe (Chrono Boost)  
  68  5:35  Zealot x2  
  72  5:40  Twilight Council  
  72  5:47  Colossus  
  78  5:50  Probe x2  
  80  5:59  Stalker x2  
  80  6:02  Probe x2  
  86  6:07  Pylon  
  86  6:11  Pylon  
  85  6:32  Adept x2  
  89  6:39  Probe x2  
  91  6:41  Observer  
  91  6:44  Pylon  
  92  6:50  Blink  
  92  6:51  Probe x2  
  94  7:17  Nexus  
  94  7:19  Pylon  
  94  7:26  Probe x2  
  94  7:29  Stalker  
  98  7:30  Stalker  
  98  7:32  Colossus  
  106  7:38  Probe x2  
  108  7:50  Probe x2  
  110  7:53  Observer Gravitic Boosters  
  110  8:02  Probe  
  110  8:05  Gateway x2  
  111  8:07  Probe  
  111  8:09  Pylon  
  112  8:14  Adept x2  
  112  8:15  Probe  
  112  8:19  Probe  
  118  8:27  Probe  
  118  8:32  Probe  
  120  8:39  Zealot x2  
  124  8:56  Assimilator  
  124  8:58  Assimilator  
  124  9:13  Probe  
  124  9:14  Probe x2  
  124  9:15  Colossus  
  133  9:23  Adept x3  
  133  9:24  Adept  
  141  9:31  Pylon  
  141  9:35  Pylon  
  141  10:01  Gateway  
  141  10:04  Gateway  
  141  10:09  Robotics Facility  
  141  10:16  Stalker  
  141  10:17  Stalker x3  
  141  10:19  Colossus  
  155  10:50  Stalker  
  157  10:59  Pylon  
  157  11:02  Pylon  
  157  11:05  Pylon  
  155  11:16  Colossus  
  161  11:36  Stalker x2  
  165  11:58  Stalker x2  
  165  12:18  Nexus  
  165  12:48  Pylon  
  165  12:51  Pylon  
  165  12:53  Pylon  
  165  12:54  Stalker x3  
  165  13:00  Pylon  
  135  13:39  Nexus  
  134  14:18  Stalker x3  
  134  14:19  Stalker x3  
  134  14:21  Colossus x2  
  158  14:44  Pylon  
  158  14:47  Pylon  
  158  14:49  Stalker x4  
  166  15:11  Pylon  
  166  15:15  Nexus, Observer  
  166  15:35  Stalker x2  
  168  15:36  Stalker x3  
  168  15:37  Stalker  
Tags
 
League
Bronze
Matchup
PvZ
Spawn Locations
Cross Positions
Add a new tag
Caveats
  • Supply blocks, unpowered buildings, or Contaminate may cause inaccurate times.
  • Supply counts are checked every 10 seconds.